 Dungeon Crawl Stone Soup version 0.27.1 (webtiles) character file.

Game seed: 6416466630354426868

162 ZARRMARR the Ducker (level 5, -2/47 HPs)
             Began as a Gnoll Monk on Aug 25, 2021.
             Slain by Natasha (3 damage)
             ... on level 3 of the Dungeon.
             The game lasted 00:05:58 (3342 turns).

ZARRMARR the Ducker (Gnoll Monk)                    Turns: 3342, Time: 00:05:58

Health: -2/47      AC:  3    Str: 11    XL:     5   Next: 43%
Magic:  7/7        EV: 14    Int: 10    God:
Gold:   113        SH:  4    Dex: 14    Spells: 7/7 levels left

rFire    . . .     SeeInvis .   a - +0 mace
rCold    . . .     Faith    .   f - +0 buckler
rNeg     . . .     Spirit   .   b - +0 robe
rPois    .         Reflect  .   (no helmet)
rElec    .         Harm     .   e - +0 cloak
rCorr    .         Rampage  .   (no gloves)
Will     .....                  (no boots)
Stlth    +++.......             (no amulet)
HPRegen  0.15/turn              (no ring)
MPRegen  0.10/turn              (no ring)

@: slowed, very slow
A: fangs 1, strong nose, distributed training
a: no special abilities


You were on level 3 of the Dungeon.
You visited 1 branch of the dungeon, and saw 3 of its levels.

You collected 113 gold pieces.

Inventory:

Hand Weapons
 a - a +0 mace (weapon)
Armour
 b - a +0 robe (worn)
 e - a +0 cloak (worn)
 f - a +0 buckler (worn)
Magical Staves
 c - a staff of air
Jewellery
 g - an amulet of faith
Scrolls
 i - a scroll of amnesia
Potions
 d - a potion of mutation
 j - a potion of invisibility
 k - a potion of ambrosia {unknown}


   Skills:
 + Level 6.7 Fighting
 + Level 1.5 Short Blades
 + Level 1.5 Long Blades
 + Level 1.5 Axes
 + Level 6.7 Maces & Flails
 + Level 1.5 Polearms
 + Level 1.5 Staves
 + Level 1.5 Slings
 + Level 1.5 Bows
 + Level 1.5 Crossbows
 + Level 1.5 Throwing
 + Level 1.5 Armour
 + Level 6.7 Dodging
 + Level 4.4 Stealth
 + Level 1.5 Shields
 + Level 1.5 Unarmed Combat
 + Level 1.5 Spellcasting
 + Level 1.2 Conjurations
 + Level 1.2 Hexes
 + Level 1.2 Summonings
 + Level 1.2 Necromancy
 + Level 1.2 Translocations
 + Level 1.2 Transmutations
 + Level 1.2 Fire Magic
 + Level 1.2 Ice Magic
 + Level 1.2 Air Magic
 + Level 1.2 Earth Magic
 + Level 1.2 Poison Magic
 + Level 1.7 Invocations
 + Level 1.5 Evocations


You had 7 spell levels left.
You didn't know any spells.
Your spell library was empty.

Dungeon Overview and Level Annotations

Branches:
Dungeon (3/15)

Altars:

Annotations:
D:3 Natasha


Innate Abilities, Weirdness & Mutations

You have very sharp teeth.
Your uncanny sense of smell can sniff out nearby items.
Your experience applies equally to all skills.


Message History

Natasha is severely wounded.
Natasha closely misses you. Natasha claws you.
You closely miss Natasha.
Natasha is severely wounded.
Natasha stares at you and mumbles some strange words.
The magic dart hits you.
You hit Natasha.
Natasha is almost dead.
Natasha mumbles some strange words.
Natasha shimmers violently.
Natasha misses you. Natasha claws you!
You barely miss Natasha.
Natasha is almost dead.
Natasha claws you!
* * * LOW HITPOINT WARNING * * *
Natasha misses you.
You feel yourself speed up. Natasha claws you but does no damage.
You hit Natasha.
You kill Natasha!
Natasha growls in agony!
You start resting.
You feel yourself speed up.
You start resting.
Your extra speed is starting to run out.
You start resting.
Natasha, Servant of Life and Death comes into view.
Natasha is nearby!
You feel yourself slow down.
Natasha stares at you and mumbles some strange words.
You feel yourself slow down.
You barely miss Natasha. Natasha claws you.
* * * LOW HITPOINT WARNING * * *
Natasha claws you but does no damage.
You hit Natasha but do no damage. Your bite misses Natasha.
Natasha stares at you and mumbles some strange words.
The magic dart hits you!
* * * LOW HITPOINT WARNING * * *
You hit Natasha but do no damage. Natasha closely misses you.
Natasha claws you.
You die...

#.########... #.#
#####..# #######.#
#......# #.....#.#
#.###.##
#.....#.####.##..#
#..............#.##
#.....#.##......†..
#.#.....#.##.#......#
#..h@>.......####†..#
#.....###...........#
.......###
###..####.#.# ####.#.
..# #.#.. #.### ..#
#.#.. #.# ###.#.. ##
#..#... #.#.#..
#.#†...


You could see Natasha.

Vanquished Creatures
  Natasha (twice) (D:3)
  4 adders (D:2)
  2 worms (D:2)
  A dart slug (D:1)
  6 endoplasms
  2 giant cockroaches (D:1)
  8 goblins
  5 hobgoblins
  3 jackals (D:2)
  2 quokkas
  12 ball pythons
  5 bats
  8 frilled lizards
  4 kobolds
  5 rats
69 creatures vanquished.

Notes
Turn   | Place    | Note
-------+----------+-------------------------------------------
     0 | D:1      | ZARRMARR the Gnoll Monk began the quest for the Orb.
     0 | D:1      | Reached XP level 1. HP: 23/23 MP: 1/1
   217 | D:1      | Reached XP level 2. HP: 29/29 MP: 2/2
   609 | D:1      | Reached XP level 3. HP: 33/35 MP: 3/3
  1199 | D:2      | Reached skill level 1 in Invocations
  1611 | D:2      | Reached skill level 1 in Short Blades
  1611 | D:2      | Reached skill level 1 in Long Blades
  1611 | D:2      | Reached skill level 1 in Axes
  1611 | D:2      | Reached skill level 1 in Polearms
  1611 | D:2      | Reached skill level 1 in Staves
  1611 | D:2      | Reached skill level 1 in Slings
  1611 | D:2      | Reached skill level 1 in Bows
  1611 | D:2      | Reached skill level 1 in Crossbows
  1611 | D:2      | Reached skill level 1 in Throwing
  1611 | D:2      | Reached skill level 1 in Armour
  1611 | D:2      | Reached skill level 1 in Shields
  1611 | D:2      | Reached skill level 1 in Unarmed Combat
  1611 | D:2      | Reached skill level 1 in Spellcasting
  1611 | D:2      | Reached skill level 1 in Evocations
  1874 | D:2      | Reached XP level 4. HP: 30/41 MP: 5/5
  2607 | D:2      | Reached skill level 1 in Conjurations
  2607 | D:2      | Reached skill level 1 in Hexes
  2607 | D:2      | Reached skill level 1 in Summonings
  2607 | D:2      | Reached skill level 1 in Necromancy
  2607 | D:2      | Reached skill level 1 in Translocations
  2607 | D:2      | Reached skill level 1 in Transmutations
  2607 | D:2      | Reached skill level 1 in Fire Magic
  2607 | D:2      | Reached skill level 1 in Ice Magic
  2607 | D:2      | Reached skill level 1 in Air Magic
  2607 | D:2      | Reached skill level 1 in Earth Magic
  2607 | D:2      | Reached skill level 1 in Poison Magic
  3192 | D:3      | Noticed Natasha
  3202 | D:3      | Killed Natasha
  3203 | D:3      | Reached XP level 5. HP: 44/47 MP: 5/7
  3276 | D:3      | Noticed Natasha
  3294 | D:3      | Killed Natasha
  3336 | D:3      | Noticed Natasha
  3341 | D:3      | HP: 1/47 [Natasha/magic dart (8)]
  3342 | D:3      | Slain by Natasha

Illustrated notes

Levels and vault maps discovered:
D:1:      dpeg_arrival_central, layout_basic, minivault_19,
          lemuel_another_geyser
D:2:      layout_basic, amcnicky_mini_rare_corridor_liquid, minmay_mini_jars
D:3:      layout_loops_ring, dreamdust_ecumenical_altar_grove, uniq_grinder,
          uniq_natasha

Skill      XL: |  1  2  3  4 |
---------------+-------------+-----
Invocations    | 1 |  1.7
Short Blades   | 1 |  1.5
Long Blades    | 1 |  1.5
Axes           | 1 |  1.5
Polearms       | 1 |  1.5
Staves         | 1 |  1.5
Slings         | 1 |  1.5
Bows           | 1 |  1.5
Crossbows      | 1 |  1.5
Throwing       | 1 |  1.5
Armour         | 1 |  1.5
Shields        | 1 |  1.5
Unarmed Combat | 1 |  1.5
Spellcasting   | 1 |  1.5
Evocations     | 1 |  1.5
Conjurations   | 1 |  1.2
Hexes          | 1 |  1.2
Summonings     | 1 |  1.2
Necromancy     | 1 |  1.2
Translocations | 1 |  1.2
Transmutations | 1 |  1.2
Fire Magic     | 1 |  1.2
Ice Magic      | 1 |  1.2
Air Magic      | 1 |  1.2
Earth Magic    | 1 |  1.2
Poison Magic   | 1 |  1.2
Fighting       | |  6.7
Maces & Flails | |  6.7
Dodging        | |  6.7
Stealth        | |  4.4

Action                   |  1- 3 |  4- 6 || total
-------------------------+-------+-------++-------
Melee: Mace              |   115 |   114 ||   229
       Bite              |     8 |     9 ||    17
       Punch             |     1 |       ||     1
  Use: Scroll            |       |     4 ||     4
       Potion            |       |     1 ||     1
 Stab: Sleeping          |     9 |     6 ||    15
Armor: Robe              |    15 |    21 ||    36
Dodge: Dodged            |    87 |    97 ||   184
Block: Buckler           |       |     2 ||     2
